 Seeded DCSS version 0.30.0-5-g1a98f26d00 (webtiles) character file.

Game seed: 8273583496444820923 (custom seed)

5274 hbarley the Cleaver (level 10, -2/89 HPs)
             Began as a Hill Orc Fighter on May 11, 2023.
             Was an Elder of Uskayaw.
             Succumbed to Amaemon's poison
             ... on level 2 of the Lair of Beasts.
             The game lasted 00:22:47 (7886 turns).

hbarley the Cleaver (Hill Orc Fighter)              Turns: 7886, Time: 00:22:48

Health: -2/89      AC: 14    Str: 33    XL:     10   Next: 63%
Magic:  0/10       EV: 17    Int:  8    God:    Uskayaw [****..]
Gold:   13         SH:  4    Dex:  9    Spells: 9/9 levels left

rFire   + . .        C - +8 hand axe "Murmur" {freeze, Dex+3}
rCold   + . .        c - +0 buckler
rNeg    + + .        n - +4 ring mail
rPois   .            (no helmet)
rElec   .            B - scarf of Quxid {rC+ rF+, rN++ Str+3 Dex-4}
rCorr   .            f - +1 pair of gloves
SInv    .            k - +0 pair of boots
Will    .....        p - amulet of guardian spirit
Stlth   ++           N - +5 ring of evasion
HPRegen 0.34/turn    y - +6 ring of strength
MPRegen 0.12/turn

%: guardian spirit
@: lethally poisoned (-2 -> -23)
A: no striking features
a: Renounce Religion, Stomp, Line Pass


You were on level 2 of the Lair of Beasts.
You worshipped Uskayaw.
Uskayaw was noncommittal.
You visited 3 branches of the dungeon, and saw 11 of its levels.

You collected 365 gold pieces.
You spent 352 gold pieces at shops.

Inventory:

Hand Weapons
 a - a +0 war axe
 C - the +8 hand axe "Murmur" (weapon) {freeze, Dex+3}
   (You found it on level 5 of the Dungeon)

   Dex:       It affects your dexterity (+3).
 P - the +8 hand axe of the Asp {freeze, Fragile rPois rC++ rCorr}
   (You bought it in a shop on level 8 of the Dungeon)

   rC:        It greatly protects you from cold.
   rPois:     It protects you from poison.
   rCorr:     It protects you from acid and corrosion.
   Fragile:   It will be destroyed if unequipped.
Missiles
 K - 3 throwing nets (quivered)
Armour
 b - a +0 scale mail
 c - a +0 buckler (worn)
 f - a +1 pair of gloves (worn)
 k - a +0 pair of boots (worn)
 n - a +4 ring mail (worn)
 B - the scarf of Quxid (worn) {rC+ rF+, rN++ Str+3 Dex-4}
   (You found it on level 5 of the Dungeon)

   Str:       It affects your strength (+3).
   Dex:       It affects your dexterity (-4).
   rN:        It greatly protects you from negative energy.
Jewellery
 p - an amulet of guardian spirit (around neck)
 v - a +6 ring of intelligence
 y - a +6 ring of strength (right hand)
 z - an amulet of guardian spirit
 L - an amulet of the acrobat
 N - a +5 ring of evasion (left hand)
 R - a ring of resist corrosion
Wands
 t - a wand of paralysis (6)
 A - a wand of polymorph (25)
 H - a wand of mindburst (15)
 O - a wand of iceblast (8)
Scrolls
 g - a scroll of acquirement {unknown}
 i - a scroll of poison {unknown}
 l - 4 scrolls of identify
 m - 3 scrolls of vulnerability
 q - 2 scrolls of fear {unknown}
 u - a scroll of immolation {unknown}
 w - a scroll of noise {unknown}
 x - 2 scrolls of amnesia {unknown}
 D - a scroll of butterflies {unknown}
 E - a scroll of magic mapping {unknown}
 J - 3 scrolls of enchant armour
 M - a scroll of fog {unknown}
 Q - a scroll of enchant weapon {unknown}
Potions
 d - 2 potions of might
 e - a potion of flight {unknown}
 h - 2 potions of mutation {unknown}
 j - a potion of magic {unknown}
 o - a potion of attraction {unknown}
 r - 9 potions of curing
 s - a potion of cancellation {unknown}
 F - a potion of degeneration {unknown}
 G - a potion of brilliance
 I - 3 potions of resistance {unknown}


   Skills:
 + Level 8.3 Fighting
 + Level 13.3 Axes
 + Level 6.9 Armour
 + Level 4.0 Dodging
 + Level 4.4 Stealth
 + Level 5.2 Shields
 + Level 0.2 Evocations


You had 9 spell levels left.
You didn't know any spells.
Your spell library contained the following spells:

 Spells                   Type           Power      Damage    Failure   Level
 Portal Projectile        Hex/Tloc       0%         N/A       89%         3
 Tukima's Dance           Hex            0%         N/A       89%         3
 Vhi's Electric Charge    Tloc/Air       0%         N/A       89%         3
 Arcjolt                  Conj/Air       0%         1d10      100%        5
 Blade Hands              Tmut           0%         N/A       100%        5
 Plasma Beam              Fire/Air       0%         2x1d11    100%        6


Dungeon Overview and Level Annotations

Branches:
Dungeon (8/15)             Temple (1/1) D:5            Lair (2/5) D:8
  Swamp: Lair:2-3    Shoals: Lair:2-3     Snake: Lair:2-3    Spider: Lair:2-3

Altars:
Ashenzari
Cheibriados
Dithmenos
Elyvilon
Fedhas
Gozag
Hepliaklqana
Kikubaaqudgha
Makhleb
Nemelex Xobeh
Qazlal
Ru
Sif Muna
Trog
Uskayaw
Vehumet
Wu Jian
Yredelemnul
Zin
The Shining One

Shops:
D:6 =(=*   D:8 *

Annotations:
Lair:2 Amaemon


Message History

You hit Amaemon. You freeze Amaemon.
Amaemon is heavily wounded.
You slash the scorpion! You freeze the scorpion.
You kill the scorpion!
The scorpion's corpse disappears in a puff of smoke!
You feel very sick. Amaemon closely misses you. Amaemon claws you.
Amaemon tail-slaps you.
You are lethally poisoned!
Amaemon poisons you!
Uskayaw will force your foes to helplessly watch your dance.
Uskayaw prepares the audience for your solo!
The helpless Amaemon fails to defend himself.
You hit Amaemon. You freeze Amaemon.
Amaemon is heavily wounded.
* * * LOW HITPOINT WARNING * * *
You feel very sick.
The helpless Amaemon fails to defend himself.
You slash Amaemon! You freeze Amaemon.
Amaemon is severely wounded.
* * * LOW HITPOINT WARNING * * *
You feel very sick.
Amaemon is no longer paralysed.
Uskayaw will force your foes to share their pain.
You hit Amaemon. You freeze Amaemon.
Amaemon is severely wounded.
* * * LOW HITPOINT WARNING * * *
You feel very sick. Amaemon barely misses you. Amaemon claws you!
* * * LOW HITPOINT WARNING * * *
Amaemon misses you.
You barely miss Amaemon.
Amaemon is severely wounded.
* * * LOW HITPOINT WARNING * * *
You feel very sick. Amaemon closely misses you. Amaemon claws you!
* * * LOW HITPOINT WARNING * * *
Amaemon tail-slaps you but does no damage.
You hit Amaemon. You freeze Amaemon.
Amaemon is severely wounded.
You die...

.### .#.# ...#
. ^.. #.. ..
.... ##. .....
##6#......
#.@.......
........###....
.......## .
......# #...P.
...#.. ...## ..


You could see Amaemon.

Vanquished Creatures
  A two-headed ogre (D:6)
  A rime drake (Lair:1)
  A komodo dragon (Lair:1)
  A troll (D:8)
  Sigmund (D:3)
  6 yaks (D:8)
  A water moccasin (D:5)
  2 black bears (D:8)
  2 sky beasts (D:7)
  An orc warrior (D:8)
  An ice beast (D:7)
  2 ogres
  A centaur (D:6)
  3 phantoms
  4 bullfrogs
  A gnoll sergeant (D:4)
  5 scorpions
  5 wights (D:7)
  A howler monkey (D:8)
  2 hounds
  A jelly (D:6)
  2 gnoll boudas
  2 orc priests
  Terence (D:2)
  3 iguanas
  2 sleepcaps
  Ijyb (D:3)
  6 orc wizards
  A scorpion zombie (D:3)
  19 gnolls
  4 adders
  A shadow imp (D:8)
  3 white imps
  An adder zombie (D:3)
  3 worms
  20 orcs
  8 bats
  8 endoplasms
  4 giant cockroaches
  6 goblins
  6 hobgoblins
  4 jackals (D:1)
  6 quokkas
  12 ball pythons
  A ball python zombie (D:3)
  2 frilled lizards (D:2)
  4 kobolds
  5 rats
178 creatures vanquished.

Vanquished Creatures (others)
  A human (D:4)
1 creature vanquished.

Grand Total: 179 creatures vanquished

Notes
Turn   | Place    | Note
-------+----------+-------------------------------------------
     0 | D:1      | hbarley the Hill Orc Fighter began the quest for the Orb.
     0 | D:1      | Reached XP level 1. HP: 19/19 MP: 1/1
   119 | D:1      | You fall into a shaft and drop 1 floor!
   151 | D:2      | Reached XP level 2. HP: 21/27 MP: 2/2
   175 | D:2      | Reached skill level 3 in Axes
   270 | D:2      | Reached XP level 3. HP: 26/33 MP: 3/3
  1266 | D:3      | Reached XP level 4. HP: 40/40 MP: 4/4
  1266 | D:3      | Noticed Terence
  1266 | D:3      | Noticed Sigmund
  1285 | D:2      | Killed Terence
  1286 | D:2      | Reached skill level 4 in Axes
  1337 | D:3      | Killed Sigmund
  1338 | D:3      | Reached skill level 5 in Axes
  1338 | D:3      | Reached skill level 1 in Dodging
  1338 | D:3      | Reached XP level 5. HP: 41/47 MP: 5/5
  1338 | D:3      | Reached XP level 6. HP: 46/53 MP: 6/6
  1520 | D:3      | Found a faded altar of an unknown god.
  1594 | D:3      | Found a basalt altar of Yredelemnul.
  1924 | D:3      | Noticed Ijyb
  1929 | D:3      | Paralysed by Ijyb for 3 turns
  1934 | D:3      | Killed Ijyb
  1935 | D:3      | Reached skill level 6 in Axes
  2219 | D:4      | Reached XP level 7. HP: 26/60 MP: 4/7
  2227 | D:4      | Reached skill level 7 in Axes
  2544 | D:4      | Reached skill level 8 in Axes
  2546 | D:4      | Reached skill level 5 in Fighting
  2546 | D:4      | Reached skill level 5 in Armour
  3206 | D:4      | Found an ancient bone altar of Kikubaaqudgha.
  3207 | D:4      | Noticed a human
  3209 | D:4      | Killed a human
  3341 | D:5      | Entered Level 5 of the Dungeon
  3489 | D:5      | Identified the scarf of Quxid {rC+ rF+, rN++ Str+3 Dex-4}
  3499 | D:5      | Identified the +8 hand axe "Murmur" {freeze, Dex+3}
  3557 | D:5      | Reached XP level 8. HP: 67/68 MP: 8/8
  3593 | D:5      | Reached skill level 9 in Axes
  3697 | D:5      | Found a staircase to the Ecumenical Temple.
  3708 | Temple   | Entered the Ecumenical Temple
  3950 | Temple   | Became a worshipper of Uskayaw the Reveller
  3987 | D:5      | Reached * piety under Uskayaw
  4008 | D:5      | Reached ** piety under Uskayaw
  4092 | D:5      | Found a glowing golden altar of the Shining One.
  4528 | D:6      | Found Boesokkoy's Jewellery Emporium.
  4528 | D:6      | Found Riettiel's Antique Weapon Emporium.
  4530 | D:6      | Found Tounoref's Jewellery Emporium.
  4663 | D:6      | Found a shimmering blue altar of Sif Muna.
  4724 | D:6      | Reached skill level 10 in Axes
  4875 | D:6      | Found Iho Weic's CLEARANCE SALE!.
  4883 | D:6      | Bought a wand of polymorph (10) for 98 gold pieces
  4883 | D:6      | Bought a scroll of identify for 14 gold pieces
  5296 | D:6      | Found an ornate altar of the Wu Jian Council.
  5440 | D:6      | Noticed a spectral centipede
  5440 | D:6      | Noticed a spectral black mamba
  5503 | D:6      | Noticed a two-headed ogre
  5508 | D:6      | Reached *** piety under Uskayaw
  5509 | D:6      | Killed a two-headed ogre
  5510 | D:6      | Reached skill level 11 in Axes
  5510 | D:6      | Reached skill level 1 in Stealth
  5510 | D:6      | Reached XP level 9. HP: 63/78 MP: 6/9
  5511 | D:6      | Reached **** piety under Uskayaw
  5866 | D:7      | Found a faded altar of an unknown god.
  5882 | D:7      | Reached ***** piety under Uskayaw
  5892 | D:7      | Reached skill level 5 in Shields
  6407 | D:7      | Reached skill level 12 in Axes
  6816 | D:8      | Noticed a troll
  6831 | D:8      | Reached XP level 10. HP: 60/86 MP: 7/10
  6983 | D:8      | Found an opulent altar of Gozag.
  7262 | D:8      | Found Ylaejiag's Assorted Antiques.
  7275 | D:8      | Bought an ichor-stained hand axe for 240 gold pieces
  7275 | D:8      | Identified the +8 hand axe of the Asp {freeze, Fragile
                  | rPois rC++ rCorr} (You bought it in a shop on level 8 of
                  | the Dungeon)
  7462 | D:8      | Found a staircase to the Lair.
  7572 | D:8      | Reached skill level 13 in Axes
  7578 | D:8      | Reached ****** piety under Uskayaw
  7707 | Lair:1   | Entered Level 1 of the Lair of Beasts
  7846 | Lair:1   | Noticed an orange demon
  7847 | Lair:1   | Noticed Amaemon
  7885 | Lair:2   | HP: 1/89 [Amaemon/+0 demon whip of venom (5)]
  7886 | Lair:2   | Succumbed to Amaemon's poison

Illustrated notes

Levels and vault maps discovered:
D:1:      dpeg_arrival_renting, layout_loops_ring, minmay_misc_feat_plants
D:2:      layout_rooms
D:3:      layout_loops_ring, nicolae_yredelemnul_corpse_copse,
          ebering_ecumenical_altar_rust, dreamdust_princess_corridor,
          uniq_sigmund, uniq_terence, uniq_ijyb
D:4:      layout_basic, tgw_kikubaaqudgha, serial_forest,
          infiniplex_forest_clump_large, infiniplex_forest_clump_tiny,
          infiniplex_forest_lined_3, infiniplex_forest_lined_corner,
          infiniplex_forest_clump_tiny, infiniplex_forest_straight_4,
          infiniplex_forest_lined_room_3, infiniplex_forest_clump_cross
D:5:      layout_loops_ring, nicolae_overflow_hidden_temple,
          minmay_temple_entry_overgrown
D:6:      layout_layer_cave, pdpol_wu_jian_five_deadly_venoms,
          mainiacjoe_overflow_brackets, nicolae_shop_distant_corner_stores,
          chequers_decorated_corner, nicolae_shop_clearance
D:7:      layout_cave_pools, serial_column_ruins, column_ruins_temple_circle,
          column_ruins_columns_corner, column_ruins_grid_1, column_ruins_grid_1,
          column_ruins_open_small, column_ruins_grid_1,
          chequers_serial_rivers_micro_e
D:8:      layout_basic, mainiacjoe_overflow_24_doors,
          grunt_lair_entry_orc_guard_hut, serial_shops,
          nicolae_shop_overgrown_old_shop, minmay_checkerbox
Temple:   eino_temple_water
Lair:1:   layout_gridlike, grunt_megastairs_3, uniq_amaemon
Lair:2:   layout_layer_cave, roderic_carrion_pond

Skill      XL: |  1  2  3  4  5  6  7  8  9 10 |
---------------+-------------------------------+-----
Axes           | 3 5 6 8 11 12 13 | 13.3
Fighting       | 4 5 6 7 8 |  8.3
Armour         | 4 5 6 |  6.9
Dodging        | 1 2 3 4 |  4.0
Shields        | 4 5 |  5.2
Stealth        | 1 3 4 |  4.4
Evocations     | |  0.2

Action                     |  1- 3 |  4- 6 |  7- 9 | 10-12 || total
---------------------------+-------+-------+-------+-------++-------
  Melee: War axe           |   123 |   103 |   166 |       ||   392
         Hand axe          |       |       |   109 |    54 ||   163
  Evoke: Wand              |       |       |     1 |       ||     1
    Use: Scroll            |       |       |     3 |       ||     3
   Stab: Paralysed         |       |       |     9 |     7 ||    16
 Armour: Scale mail        |    87 |    19 |       |       ||   106
         Ring mail         |       |    53 |   120 |    17 ||   190
  Dodge: Dodged            |    80 |    65 |   122 |    25 ||   292
  Block: Buckler           |    34 |    32 |    47 |     7 ||   120
